 Dungeon Crawl Stone Soup version 0.27-a0-951-gae3e1deef5 (webtiles) character file.

Game seed: 4893721185582471737

9850 jestyr24 the Fencer (level 11, -6/94 HPs)
             Began as a Minotaur Fighter on Apr 12, 2021.
             Was an Initiate of Gozag.
             Mangled by a skeletal warrior
             ... wielding a +0 glaive
             ... led by a skeletal warrior
              (13 damage)
             ... on level 10 of the Dungeon.
             The game lasted 00:36:33 (9386 turns).

jestyr24 the Fencer (Minotaur Fighter)              Turns: 9386, Time: 00:36:35

Health: -6/94      AC: 17    Str: 30    XL:     11   Next: 28%
Magic:  10/10      EV:  7    Int:  5    God:    Gozag
Gold:   1283       SH: 12    Dex: 10    Spells: 8/10 levels left

rFire    + + .     SeeInvis .   B - +2 demon blade (flame)
rCold    . . .     Faith    .   c - +0 kite shield
rNeg     . . .     Spirit   .   t - +1 plate armour of the Loofah {rF+ Slay+3}
rPois    .         Reflect  .   F - +0 hat
rElec    .         Harm     .   (no cloak)
rCorr    .         Rampage  .   (no gloves)
Will     .....                  j - +1 pair of boots
Stlth    ..........             (no amulet)
HPRegen  0.25/turn              H - +6 ring of strength
MPRegen  0.12/turn              A - ring of protection from fire

@: gold aura
A: horns 2, retaliatory headbutt
a: Renounce Religion, Potion Petition, Call Merchant, Bribe Branch


You were on level 10 of the Dungeon.
You worshipped Gozag.
Gozag was most pleased with you.
You visited 1 branch of the dungeon, and saw 10 of its levels.

You collected 1983 gold pieces.
You spent 700 gold pieces at shops.

Inventory:

Hand Weapons
 a - a +0 long sword
 h - a +0 short sword
 q - a +2 spear of venom
 B - a +2 demon blade of flaming (weapon)
Missiles
 e - 45 poisoned darts
 m - 7 boomerangs
 p - 144 stones
 s - 3 throwing nets (quivered)
 C - 7 curare-tipped darts
Armour
 c - a +0 kite shield (worn)
 j - a +1 pair of boots (worn)
 t - the +1 plate armour of the Loofah (worn) {rF+ Slay+3}
   (You bought it in a shop on level 6 of the Dungeon)

   It affects your accuracy and damage with ranged weapons and melee attacks
   (+3).
   It protects you from fire.
 E - the +0 scale mail "Ohinun" {Str+4 Int+4}
   (You found it on level 8 of the Dungeon)

   It affects your strength (+4).
   It affects your intelligence (+4).
 F - a +0 hat (worn)
Jewellery
 i - a ring of fire
 A - a ring of protection from fire (right hand)
 H - a +6 ring of strength (left hand)
Wands
 b - a wand of flame (13)
 o - a wand of random effects (12)
 u - a wand of iceblast (5)
Scrolls
 f - 3 scrolls of enchant armour
 k - 2 scrolls of fog
 n - a scroll of amnesia
 w - 3 scrolls of teleportation
 x - 2 scrolls of blinking
 y - 3 scrolls of identify
 D - a scroll of magic mapping {unknown}
 G - a scroll of enchant weapon
 I - a scroll of silence
Potions
 d - a potion of might
 g - 2 potions of curing
 l - a potion of resistance {unknown}
 r - 3 potions of heal wounds
 v - a potion of mutation {unknown}
 z - a potion of haste {unknown}


   Skills:
 - Level 8.2 Fighting
 + Level 15.6 Long Blades
 - Level 1.1 Polearms
 - Level 8.2 Armour
 - Level 3.0 Dodging
 - Level 8.6 Shields


You had 8 spell levels left.
You knew the following spells:

 Your Spells              Type           Power      Damage    Failure   Level
a - Wereblood             Tmut           0%         N/A       100%        2

Your spell library contained the following spells:

 Spells                   Type           Power      Damage    Failure   Level
 Beastly Appendage        Tmut           0%         N/A       100%        1
 Corona                   Hex            0%         N/A       100%        1
 Magic Dart               Conj           0%         1d3       100%        1
 Shock                    Conj/Air       0%         1d3       100%        1
 Blink                    Tloc           N/A        N/A       100%        2
 Call Imp                 Summ           0%         N/A       100%        2
 Ensorcelled Hibernation  Hex/Ice        0%         N/A       100%        2
 Slow                     Hex            0%         N/A       100%        2
 Swiftness                Air            0%         N/A       100%        2
 Confusing Touch          Hex            0%         N/A       100%        3
 Conjure Flame            Conj/Fire      0%         6-21      100%        3
 Dazzling Flash           Conj/Hex       0%         N/A       100%        3
 Mephitic Cloud           Conj/Pois/Air  0%         N/A       100%        3
 Spider Form              Tmut/Pois      0%         N/A       100%        3
 Static Discharge         Conj/Air       0%         N/A       100%        3
 Tukima's Dance           Hex            0%         N/A       100%        3
 Airstrike                Air            0%         N/A       100%        4
 Ice Form                 Ice/Tmut       0%         N/A       100%        4
 Hydra Form               Tmut           0%         N/A       100%        5
 Lightning Bolt           Conj/Air       0%         1d11      100%        5


Dungeon Overview and Level Annotations

Branches:
Dungeon (10/15)            Temple (0/1) D:6            Lair (0/6) D:8
    Orc: D:9-12

Altars:
Ashenzari
Cheibriados
Gozag
Hepliaklqana
Kikubaaqudgha
Qazlal
Yredelemnul

Shops:
D:6 *


Innate Abilities, Weirdness & Mutations

You have a pair of horns on your head.
You reflexively headbutt those who attack you in melee.


Message History

The skeletal warrior barely misses you.
You closely miss the skeletal warrior. You headbutt the skeletal warrior!
You destroy the skeletal warrior!
The skeletal warrior becomes distracted by the nearby gold, dreaming of imaginary riches.
A skeletal warrior comes into view. It is wielding a +0 halberd.
The skeletal warrior closely misses you.
Things that are here:
7 gold pieces; a +0 war axe You closely miss the skeletal warrior.
The skeletal warrior is no longer distracted by gold.
The skeletal warrior is almost destroyed.
You closely miss the skeletal warrior.
The skeletal warrior is almost destroyed.
You block the skeletal warrior's attack.
The skeletal warrior hits you with a +0 hand axe.
You slice the skeletal warrior!! You burn the skeletal warrior.
You destroy the skeletal warrior!
The skeletal warrior hits you from afar with a +0 glaive!
The skeletal warrior hits you with a +0 glaive!
* * * LOW HITPOINT WARNING * * *
Things that are here:
7 gold pieces; a +0 hand axe You hit the skeletal warrior but do no damage.
The skeletal warrior hits you from afar with a +0 halberd.
* * * LOW HITPOINT WARNING * * *
The skeletal warrior hits you but does no damage.
You slice the skeletal warrior!! You burn the skeletal warrior.
The skeletal warrior is moderately damaged.
You closely miss the skeletal warrior.
Your headbutt misses the skeletal warrior.
The skeletal warrior is moderately damaged.
The skeletal warrior misses you.
You block the skeletal warrior's attack.
You slice the skeletal warrior!! You burn the skeletal warrior.
The skeletal warrior is severely damaged.
The skeletal warrior hits you from afar with a +0 halberd!
* * * LOW HITPOINT WARNING * * *
The skeletal warrior hits you with a +0 glaive!
You die...
Your body crumbles into a pile of gold.

## #.## #..# ##.#
#.# #### #.## ##..#
#..###...#
##.##.(..#
#......########..
#..#.....$@zz...#
#....#.#########....
#.....#### # .......
...##.. .## #.. #..


You could see 2 skeletal warriors.

Vanquished Creatures
  Gastronok (D:8)
  A hydra (D:8)
  2 two-headed ogres (D:9)
  2 skeletal warriors (D:10)
  A deep elf pyromancer (D:9)
  Maurice (D:9)
  A hornet (D:8)
  6 yaks
  A steam dragon (D:9)
  4 water moccasins (D:8)
  3 orc warriors
  2 black bears
  An ice beast (D:5)
  2 sky beasts
  2 ogres
  4 centaurs
  A phantom (D:4)
  A kobold brigand (D:9)
  2 scorpions (D:6)
  4 bullfrogs
  2 gnoll sergeants
  A water moccasin skeleton (D:5)
  3 killer bees (D:9)
  A howler monkey (D:9)
  A bullfrog zombie (D:7)
  A centaur zombie (D:5)
  3 jellies
  3 orc priests
  2 hounds
  A bullfrog skeleton (D:6)
  A centaur skeleton (D:7)
  Jessica (D:3)
  5 orc wizards
  An iguana (D:5)
  19 gnolls
  4 adders
  2 white imps (D:6)
  3 ufetubi (D:5)
  A worm (D:3)
  3 dart slugs
  32 orcs
  4 ball pythons
  12 bats
  7 endoplasms
  A giant cockroach (D:2)
  5 goblins
  6 hobgoblins
  2 jackals (D:3)
  2 quokkas
  A frilled lizard (D:1)
  17 kobolds
  10 rats
  A spectral orc (D:9)
200 creatures vanquished.

Vanquished Creatures (others)
  49 fungi (D:8)
  59 plants
108 creatures vanquished.

Grand Total: 308 creatures vanquished

Notes
Turn   | Place    | Note
-------+----------+-------------------------------------------
     0 | D:1      | jestyr24 the Minotaur Fighter began the quest for the Orb.
     0 | D:1      | Reached XP level 1. HP: 19/19 MP: 0/0
   169 | D:1      | Found a faded altar of an unknown god.
   177 | D:1      | Became a worshipper of Gozag Ym Sagoz the Greedy
   287 | D:1      | Reached XP level 2. HP: 27/27 MP: 1/1
   797 | D:1      | Reached XP level 3. HP: 32/33 MP: 2/2
  1301 | D:2      | Reached skill level 3 in Long Blades
  1375 | D:2      | Reached skill level 1 in Dodging
  1815 | D:3      | Reached XP level 4. HP: 39/40 MP: 3/3
  2086 | D:3      | Noticed a black bear
  2095 | D:3      | Killed a black bear
  2096 | D:3      | Reached XP level 5. HP: 41/47 MP: 4/4
  2213 | D:3      | Reached skill level 5 in Shields
  2216 | D:3      | Reached skill level 5 in Armour
  2245 | D:3      | Noticed Jessica
  2252 | D:3      | Killed Jessica
  2810 | D:4      | Noticed a phantom
  2823 | D:4      | Killed a phantom
  2824 | D:4      | Reached skill level 5 in Fighting
  2824 | D:4      | Reached XP level 6. HP: 42/56 MP: 5/5
  3328 | D:4      | Found an ancient bone altar of Kikubaaqudgha.
  3841 | D:5      | Entered Level 5 of the Dungeon
  3841 | D:5      | Noticed an ice beast
  3858 | D:5      | Killed an ice beast
  3965 | D:5      | Reached XP level 7. HP: 61/61 MP: 6/6
  5154 | D:6      | Found Yceam's Assorted Antiques.
  5164 | D:6      | Bought a brightly glowing plate armour for 700 gold pieces
  5164 | D:6      | Identified the +1 plate armour of the Loofah {rF+ Slay+3}
                  | (You bought it in a shop on level 6 of the Dungeon)
  5229 | D:6      | Found a staircase to the Ecumenical Temple.
  5275 | D:6      | Reached skill level 1 in Polearms
  5469 | D:6      | Reached XP level 8. HP: 71/71 MP: 7/7
  5497 | D:6      | Found an opulent altar of Gozag.
  5820 | D:6      | Found a broken altar of Ashenzari.
  5992 | D:7      | Found a stormy altar of Qazlal.
  5998 | D:7      | Learned a level 2 spell: Wereblood
  7027 | D:8      | Reached skill level 4 in Long Blades
  7027 | D:8      | Reached XP level 9. HP: 67/81 MP: 8/8
  7034 | D:8      | Reached skill level 5 in Long Blades
  7039 | D:8      | Reached skill level 6 in Long Blades
  7152 | D:8      | Reached skill level 7 in Long Blades
  7221 | D:8      | Reached skill level 8 in Long Blades
  7499 | D:8      | Noticed a five-headed hydra
  7506 | D:8      | Killed a one-headed hydra
  7507 | D:8      | Reached skill level 10 in Long Blades
  7549 | D:8      | Reached XP level 10. HP: 44/88 MP: 9/9
  7578 | D:8      | Reached skill level 11 in Long Blades
  7770 | D:8      | Identified the +0 scale mail "Ohinun" {Str+4 Int+4}
  7803 | D:8      | Found a staircase to the Lair.
  7815 | D:8      | Noticed Gastronok
  7829 | D:8      | Killed Gastronok
  7830 | D:8      | Reached skill level 12 in Long Blades
  8149 | D:9      | Noticed a deep elf pyromancer
  8153 | D:9      | Killed a deep elf pyromancer
  8154 | D:9      | Reached skill level 13 in Long Blades
  8307 | D:9      | Found a snail-covered altar of Cheibriados.
  8309 | D:9      | Found a hazy altar of Hepliaklqana.
  8316 | D:9      | Noticed a two-headed ogre
  8417 | D:9      | Noticed Maurice
  8470 | D:9      | Killed a two-headed ogre
  8471 | D:9      | Reached skill level 14 in Long Blades
  8582 | D:9      | Noticed a two-headed ogre
  8590 | D:9      | Killed a two-headed ogre
  8591 | D:9      | Reached XP level 11. HP: 73/94 MP: 10/10
  9120 | D:9      | Killed Maurice
  9121 | D:9      | Reached skill level 15 in Long Blades
  9207 | D:9      | Found a basalt altar of Yredelemnul.
  9313 | D:10     | Entered Level 10 of the Dungeon
  9359 | D:10     | Noticed a skeletal warrior
  9362 | D:10     | Noticed a skeletal warrior
  9362 | D:10     | Noticed a skeletal warrior
  9377 | D:10     | Killed a skeletal warrior
  9378 | D:10     | Noticed a skeletal warrior
  9381 | D:10     | Killed a skeletal warrior
  9386 | D:10     | Mangled by a skeletal warrior

Illustrated notes

Levels and vault maps discovered:
D:1:      dpeg_arrival_prison, layout_basic, basic_ecumenical_altar
D:2:      layout_loops_ring
D:3:      layout_basic, minmay_strange_pillars, uniq_jessica
D:4:      layout_gridville, kiku_gazebo_pond_becter
D:5:      layout_loops_ring, minmay_tree_intersection, serial_bayou_crossing
D:6:      layout_rooms, lemuel_coloured_pillars_altar, lemuel_tele_altar,
          minmay_temple_entry_sparse_star, serial_shops, nicolae_shop_crystal
D:7:      layout_loops_cross, nicolae_qazlal_eye_of_the_storm,
          lightli_orcish_oven
D:8:      layout_basic, due_lair_maze_entry_diamond, uniq_gastronok
D:9:      layout_irregular_city, yredelemnul_forgotten_temple_becter,
          jmf_multi_god_temple, uniq_maurice
D:10:     layout_cave_pods, nicolae_ru_awakened_eye, marbit_many_paths

Skill      XL: |  1  2  3  4  5  6  7  8  9 10 11 |
---------------+----------------------------------+-----
Armour         | 4 5 6 7 8 |  8.2
Shields        | 4 5 6 7 8 |  8.6
Long Blades    | 3 4 10 14 15 | 15.6
Dodging        | 1 2 3 |  3.0
Fighting       | 4 5 6 8 |  8.2
Polearms       | 1 |  1.1

Action                   |  1- 3 |  4- 6 |  7- 9 | 10-12 || total
-------------------------+-------+-------+-------+-------++-------
Melee: Long sword        |   101 |   103 |    60 |       ||   264
       Headbutt          |    15 |    19 |    46 |    24 ||   104
       Spear             |       |       |   116 |       ||   116
       Demon blade       |       |       |    81 |   138 ||   219
  Use: Scroll            |       |    10 |     4 |       ||    14
       Potion            |       |       |     3 |       ||     3
 Stab: Invisible         |       |       |     1 |       ||     1
       Distracted        |       |       |       |     2 ||     2
Armor: Scale mail        |    65 |    29 |       |       ||    94
       Chain mail        |       |    26 |       |       ||    26
       Plate armour      |       |       |   145 |    33 ||   178
Dodge: Dodged            |    36 |    47 |    59 |    11 ||   153
Block: Kite shield       |    76 |    56 |   165 |    51 ||   348
       Rpst.: Long sword |    10 |    16 |     4 |       ||    30
       Demon blade       |       |       |     3 |     2 ||     5

Table legend: (Time is in decaauts)
 A = Elapsed time spent in this place.
 B = Non-inter-level travel time spent in this place.
 C = Inter-level travel time spent in this place.
 D = Time resting spent in this place.
 E = Time spent auto-exploring this place.
 F = Levels seen in this place.
 G = Mean time per level.
                   A        B        C        D        E       F      G
               +--------+--------+--------+--------+--------+-----+--------+
         Total |   9507 |   9223 |    284 |   1691 |   4888 |  10 |  950.7 |
       Dungeon |   9507 |   9223 |    284 |   1691 |   4888 |  10 |  950.7 |
               +--------+--------+--------+--------+--------+-----+--------+

Top non-repeatable levels by time:
     D:8: 1528 daAuts
     D:3: 1213 daAuts
     D:5: 1154 daAuts
     D:1: 1151 daAuts
     D:9: 1143 daAuts
     D:6: 979 daAuts
     D:4: 887 daAuts
     D:7: 710 daAuts
     D:2: 672 daAuts
    D:10: 66 daAuts
